 Dungeon Crawl Stone Soup version 0.27-a0-1081-ge8a0a9c698 (webtiles) character file.

Game seed: 1299288616356498504

1 tardwrangler69 the Digger (level 1, 0/11 HPs)
             Began as an Octopode Earth Elementalist on Apr 25, 2021.
             Killed from afar by a dart slug (8 damage)
             ... with a slug dart
             ... on level 1 of the Dungeon.
             The game lasted 00:00:05 (126 turns).

tardwrangler69 the Digger (OpEE)                     Turns: 126, Time: 00:00:06

Health: 0/11       AC:  1    Str:  7    XL:     1   Next: 20%
Magic:  3/3        EV: 13    Int: 17    God:
Gold:   0          SH:  0    Dex: 12    Spells: 3/4 levels left

rFire    . . .     SeeInvis .   (no weapon)
rCold    . . .     Faith    .   (no shield)
rNeg     . . .     Spirit   .   (helmet restricted)
rPois    .         Reflect  .   (no amulet)
rElec    .         Harm     .   (no ring)
rCorr    .         Rampage  .   (no ring)
Will     .....                  (no ring)
Stlth    +++.......             (no ring)
HPRegen  0.03/turn              (no ring)
MPRegen  0.08/turn              (no ring)
                                (no ring)
                                (no ring)

@: no status effects
A: almost no armour, amphibious, 8 rings, camouflage 1, gelatinous body 1,
(nimble swimmer 1), tentacles
a: no special abilities


You were on level 1 of the Dungeon.
You visited 1 branch of the dungeon, and saw 1 of its levels.

Inventory:

Missiles
 b - 30 stones


   Skills:
 - Level 2.0 Dodging
 - Level 2.6 Stealth
 + Level 2.0 Spellcasting
 - Level 1.0 Transmutations
 * Level 3.0 Earth Magic


You had 3 spell levels left.
You knew the following spells:

 Your Spells              Type           Power      Damage    Failure   Level
a - Sandblast             Erth           24%        2d8       5%          1

Your spell library contained the following spells:

 Spells                   Type           Power      Damage    Failure   Level
 Passwall                 Tmut/Erth      6%         N/A       13%         2
 Stone Arrow              Conj/Erth      12%        3d7       30%         3
 Petrify                  Tmut/Erth      8%         N/A       63%         4
 Lee's Rapid Deconstruct  Erth           6%         3d7*      83%         5


Dungeon Overview and Level Annotations

Branches:
Dungeon (1/15)

Altars:


Innate Abilities, Weirdness & Mutations

You cannot wear most types of armour.
You are amphibious.
You can wear up to eight rings at the same time.
Your skin changes colour to match your surroundings (Stealth+).
Your rubbery body absorbs attacks. (AC +1, EV +1)
((You are camouflaged near water. (Stealth+)))
You have tentacles for arms and can constrict up to eight enemies at once.


Message History

The bat closely misses you.
You closely miss the bat.
The bat is severely wounded.
You constrict the bat.
You kill the bat!
No target in view!
No target in view!
No target in view!
No target in view!
No target in view!
No target in view!
No target in view!
No target in view!
No target in view!
No target in view!
No target in view!
HP restored.
Found a leather armour.
You see here a +0 leather armour.
You see here a +0 leather armour.
A dart slug comes into view.
Found 15 gold pieces.
A dart slug is nearby!
A dart slug is nearby!
The helpless dart slug fails to defend itself.
You tentacle-slap the dart slug. You grab the dart slug.
The dart slug is moderately wounded.
You constrict the dart slug. You tentacle-slap the dart slug.
The dart slug is heavily wounded.
You constrict the dart slug. The dart slug launches a dart at you.
The slug dart hits you.
You tentacle-slap the dart slug.
The dart slug is severely wounded.
You constrict the dart slug. The dart slug launches a dart at you.
The slug dart hits you!
Ouch! That really hurt!
You die...

.############..###.###
........#.....####.###
......................
.........#######.#####
#..####..# #.# ###.
..#.## #.#####
.....##.#.# ##.#....
#......#.## #....###
#.w@...# ####...####
###.....##....###...
#...........#....##
....................
###...............8..
#............##...#
#........... ##.##
#.......... #'# ...
#'#


You could see a dart slug.

Vanquished Creatures
  A bat (D:1)
1 creature vanquished.

Notes
Turn   | Place    | Note
-------+----------+-------------------------------------------
     0 | D:1      | tardwrangler69 the Octopode Earth Elementalist began the
                  | quest for the Orb.
     0 | D:1      | Reached XP level 1. HP: 11/11 MP: 3/3
   126 | D:1      | Killed from afar by a dart slug

Illustrated notes

Levels and vault maps discovered:
D:1:      grunt_arrival_crossed_arrows, layout_rooms,
          ebering_ecumenical_altar_mist, hangedman_decor_clover_reticule

Action                   || total
-------------------------++-------
Melee: Unarmed           ||    11
       Constrict         ||     2
 Stab: Sleeping          ||     1
Armor: Skin              ||     3
Dodge: Dodged            ||    14

Table legend: (Time is in decaauts)
 A = Elapsed time spent in this place.
 B = Non-inter-level travel time spent in this place.
 C = Inter-level travel time spent in this place.
 D = Time resting spent in this place.
 E = Time spent auto-exploring this place.
 F = Levels seen in this place.
 G = Mean time per level.
                   A        B        C        D        E       F      G
               +--------+--------+--------+--------+--------+-----+--------+
         Total |    126 |    126 |      0 |      0 |    104 |   1 |  126.0 |
       Dungeon |    126 |    126 |      0 |      0 |    104 |   1 |  126.0 |
               +--------+--------+--------+--------+--------+-----+--------+

Top non-repeatable levels by time:
     D:1: 126 daAuts
